 Dungeon Crawl Stone Soup version 0.26-a0-854-gdc81c2f471 (webtiles) character file.

Game seed: 15687559861187823677

910 iamoutofideas the Stinger (level 8, -1/46 HPs)
             Began as an Octopode Venom Mage on Nov 23, 2020.
             Was a Follower of Ashenzari.
             Slain by Pikel
             ... wielding a +0 whip of electrocution
              (9 damage)
             ... on level 4 of the Dungeon.
             The game lasted 00:17:19 (7341 turns).

iamoutofideas the Stinger (Octopode Venom Mage)     Turns: 7341, Time: 00:17:20

Health: -1/46      AC:  1    Str:  7    XL:     8   Next: 8%
Magic:  5/15       EV: 14    Int: 20    God:    Ashenzari [*.....]
Gold:   279        SH:  0    Dex: 18    Spells: 3/16 levels left

rFire    + . .     SeeInvis .   o - +1 dagger (drain)
rCold    + . .     Faith    .   (no shield)
rNeg     . . .     Spirit   .   (helmet restricted)
rPois    .         Reflect  .   (no amulet)
rElec    .         Harm     .   f - ring of protection from fire (curse)
rCorr    .         Rampage  .   i - +6 ring of dexterity (curse)
MR       .....                  w - ring of stealth (curse)
Stlth    ++++......             y - ring of wizardry (curse)
HPRegen  0.15/turn              u - ring of protection from cold (curse)
MPRegen  0.14/turn              (no ring)
                                (no ring)
                                (no ring)

@: very slightly contaminated
A: almost no armour, stealthy swim, amphibious, 8 rings, constrict 8, camouflage
1, gelatinous body 1
a: Curse Item, Scrying, Renounce Religion


You were on level 4 of the Dungeon.
You worshipped Ashenzari.
Ashenzari was aware of your devotion.
You visited 1 branch of the dungeon, and saw 5 of its levels.

You collected 279 gold pieces.

Inventory:

Hand Weapons
 c - a +0 short sword
 o - a +1 dagger of draining (weapon)
Missiles
 j - 2 boomerangs of dispersal (quivered)
Armour
 l - a +0 buckler
Jewellery
 f - a cursed ring of protection from fire (left tentacle)
 i - a cursed +6 ring of dexterity (right tentacle)
 u - a cursed ring of protection from cold (on tentacle)
 w - a cursed ring of stealth (on tentacle)
 y - a cursed ring of wizardry (on tentacle)
 z - an uncursed ring of protection from cold
Scrolls
 a - a scroll of remove curse
 e - 2 scrolls of teleportation {unknown}
 h - a scroll of fog {unknown}
 k - 2 scrolls of immolation {unknown}
 m - 2 scrolls of magic mapping {unknown}
 n - a scroll of enchant weapon {unknown}
 t - a scroll of blinking {unknown}
 v - 2 scrolls of fear
Potions
 b - a potion of cancellation {unknown}
 d - a potion of lignification {unknown}
 g - 2 potions of ambrosia {unknown}
 p - a potion of mutation
 q - a potion of resistance {unknown}
 r - a potion of magic
 s - a potion of heal wounds
 x - a potion of brilliance {unknown}


   Skills:
 - Level 0.1 Short Blades
 + Level 2.3 Dodging
 - Level 2.8 Stealth
 * Level 2.1 Shields
 - Level 4.6 Spellcasting
 + Level 0.3 Conjurations
 + Level 4.1 Transmutations
 + Level 0.3 Fire Magic
 + Level 2.4 Air Magic
 + Level 6.8 Poison Magic


You had 3 spell levels left.
You knew the following spells:

 Your Spells              Type           Power        Failure   Level
a - Sting                 Tmut/Pois      ####         1%          1
b - Poisonous Vapours     Pois/Air       ###...       1%          2
c - Mephitic Cloud        Conj/Pois/Air  ###.....     4%          3
d - Ignite Poison         Fire/Tmut/Pois ###.....     3%          3
e - Olgreb's Toxic Radia  Pois           ####....     2%          4

Your spell library contained the following spells:

 Spells                   Type           Power        Failure   Level


Dungeon Overview and Level Annotations

Branches:
Dungeon (5/15)
 Temple: D:4-7

Altars:
Ashenzari
Nemelex Xobeh
Ru
Sif Muna
Wu Jian
The Shining One

Annotations:
D:3 exclusion: downstairs
D:4 Pikel


Innate Abilities, Weirdness & Mutations

You cannot wear most types of armour.
You are very stealthy in the water. (Stealth+)
You are amphibious.
You can wear up to eight rings at the same time.
You can use your tentacles to constrict eight enemies at once.
Your skin changes colour to match your surroundings (Stealth+).
Your rubbery body absorbs attacks. (AC +1, EV +1)


Message History

Unknown command.
Casting: Sting (safe; 1% risk of failure)
Confirm with . or Enter, or press ? or * to list all spells.
Aiming: Sting (safe; 1% risk of failure)
Press: ? - help, Shift-Dir - straight line, f/p - Pikel
Aim: Pikel, wielding a +0 whip of electrocution and wearing a +0 robe (noxious fumes, lightly wounded, poisoned, 24% to evade)
Okay, then.
Unknown command.
Casting: Sting (safe; 1% risk of failure)
Confirm with . or Enter, or press ? or * to list all spells.
You miscast Ignite Poison.
You are very lightly contaminated with residual magic.
Nothing appears to happen.
The lemure is engulfed in noxious fumes.
The lemure appears confused.
The lemure misses you.
Pikel is engulfed in noxious fumes.
Pikel hits you with a +0 whip of electrocution!
* * * LOW HITPOINT WARNING * * *
You are electrocuted!
You die...

###.....##.#####.#### #.#.# #.
....................# #.#.# #.
##............##.##.# #.#.# #.
##.#.####........##.# #.#.###.
##.#.##..........##.# #....##[
>...##..8........##.########..##.
##.##.........##........# #..##.
.#.##.....8...##........# #..##.
.#.##..>÷.....°5@.......# #..##.
...##.....8..○○K.○[<....####..##.
.####.......####○○............##.
.# ##.)8...# #☼○...............
.## ##)..#.####........#####.###
..####.####............## #.#
#...##.# #.####.......# #.#
##..##.# #.# ####...## ####.#
##''##.# #.#######...# #....#


You could see Pikel (poisoned) and a lemure (confused).

Vanquished Creatures
  A phantom (D:5)
  An ogre (D:5)
  3 lemures (D:5)
  A centaur (D:5)
  3 howler monkeys
  A bullfrog zombie (D:4)
  A bullfrog skeleton (D:4)
  4 orc priests
  Terence (D:2)
  An iguana (D:4)
  4 orc wizards
  A worker ant zombie (D:5)
  10 adders
  A worm (D:3)
  A dart slug (D:1)
  3 leopard geckos
  23 orcs
  3 giant cockroaches
  8 goblins
  10 hobgoblins
  2 jackals (D:3)
  8 kobolds
  3 quokkas
  2 ball pythons
  4 bats
  6 frilled lizards
  A leopard gecko skeleton (D:3)
  A quokka skeleton (D:5)
  6 rats
114 creatures vanquished.

Notes
Turn   | Place    | Note
-------+----------+-------------------------------------------
     0 | D:1      | iamoutofideas the Octopode Venom Mage began the quest for
                  | the Orb.
     0 | D:1      | Reached XP level 1. HP: 11/11 MP: 3/3
   139 | D:1      | Reached XP level 2. HP: 14/17 MP: 1/5
   265 | D:1      | Found a broken altar of Ashenzari.
   269 | D:1      | Reached skill level 4 in Poison Magic
   409 | D:1      | Became a worshipper of Ashenzari the Shackled
  1513 | D:2      | Reached XP level 3. HP: 21/21 MP: 4/6
  1790 | D:2      | Found a shimmering blue altar of Sif Muna.
  1886 | D:2      | Reached XP level 4. HP: 27/27 MP: 2/8
  2002 | D:2      | Noticed Terence
  2026 | D:2      | Killed Terence
  2083 | D:2      | Reached XP level 5. HP: 28/31 MP: 4/10
  2712 | D:3      | Learned a level 2 spell: Poisonous Vapours
  2716 | D:3      | Learned a level 3 spell: Mephitic Cloud
  2720 | D:3      | Learned a level 3 spell: Ignite Poison
  2731 | D:3      | Reached skill level 5 in Poison Magic
  3414 | D:3      | Reached XP level 6. HP: 36/36 MP: 7/12
  3456 | D:3      | Found an ornate altar of the Wu Jian Council.
  3829 | D:3      | Reached skill level 1 in Air Magic
  4592 | D:4      | Learned a level 4 spell: Olgreb's Toxic Radiance
  4876 | D:4      | Reached XP level 7. HP: 32/41 MP: 3/14
  5676 | D:4      | Found a glowing golden altar of the Shining One.
  5676 | D:4      | Found a sacrificial altar of Ru.
  5725 | D:4      | Reached skill level 6 in Poison Magic
  6060 | D:5      | Entered Level 5 of the Dungeon
  6079 | D:5      | Found a sparkling altar of Nemelex Xobeh.
  6112 | D:5      | Reached * piety under Ashenzari
  6120 | D:5      | Reached skill level 1 in Shields
  6881 | D:5      | Reached XP level 8. HP: 13/46 MP: 3/15
  7122 | D:5      | Noticed Pikel
  7341 | D:4      | Slain by Pikel

Illustrated notes

Levels and vault maps discovered:
D:1:      lemuel_arrival_lava_pool, layout_basic, ashenzari_altar_1
D:2:      layout_basic, lemuel_doored_altar, minmay_fractal_squares_5,
          uniq_terence
D:3:      layout_basic, general_overflow_altar
D:4:      layout_loops_ring, gammafunk_temple_overflow_wave, grunt_ministairs_9
D:5:      layout_basic, overflow_temple_1_default, kennysheep_generic_room_2,
          uniq_ijyb, uniq_pikel

Skill      XL: |  1  2  3  4  5  6  7  8 |
---------------+-------------------------+-----
Poison Magic   | 4 5 6 |  6.8
Spellcasting   | 3 4 |  4.6
Transmutations | 2 3 4 |  4.1
Air Magic      | 1 2 |  2.4
Shields        | 1 2 |  2.1
Short Blades   | |  0.1
Dodging        | |  2.3
Stealth        | |  2.8
Conjurations   | |  0.3
Fire Magic     | |  0.3

Action                   |  1- 3 |  4- 6 |  7- 9 || total
-------------------------+-------+-------+-------++-------
Melee: Unarmed           |     4 |       |       ||     4
       Constrict         |     4 |    16 |    10 ||    30
       Short sword       |    10 |     5 |       ||    15
       Tentacles         |     1 |     8 |    16 ||    25
       Dagger            |       |    51 |    45 ||    96
 Cast: Sting             |    40 |    57 |    36 ||   133
       Poisonous Vapours |       |    11 |    21 ||    32
       Mephitic Cloud    |       |       |     8 ||     8
       Ignite Poison     |       |       |     4 ||     4
       Olgreb's Toxic Ra |       |       |     1 ||     1
Invok: Curse Item        |       |       |     5 ||     5
  Use: Scroll            |       |     4 |     4 ||     8
       Potion            |       |     1 |     1 ||     2
 Stab: Sleeping          |       |     4 |       ||     4
Armor: Skin              |     8 |     3 |       ||    11
Dodge: Dodged            |    17 |    63 |    54 ||   134

Table legend: (Time is in decaauts)
 A = Elapsed time spent in this place.
 B = Non-inter-level travel time spent in this place.
 C = Inter-level travel time spent in this place.
 D = Time resting spent in this place.
 E = Time spent auto-exploring this place.
 F = Levels seen in this place.
 G = Mean time per level.
                   A        B        C        D        E       F      G
               +--------+--------+--------+--------+--------+-----+--------+
         Total |   7342 |   7201 |    141 |   3585 |   2471 |   5 | 1468.4 |
       Dungeon |   7342 |   7201 |    141 |   3585 |   2471 |   5 | 1468.4 |
               +--------+--------+--------+--------+--------+-----+--------+

Top non-repeatable levels by time:
     D:4: 2322 daAuts
     D:3: 1524 daAuts
     D:1: 1392 daAuts
     D:2: 1230 daAuts
     D:5: 873 daAuts
